 Dungeon Crawl Stone Soup version 0.20-a0-984-ge8aa303 (webtiles) character file.

214 MTVSty1e the Magician (level 5, -1/43 HPs)
             Began as a Bultungin Transmuter on Apr 10, 2017.
             Killed from afar by Dowan (5 damage)
             ... with a puff of frost
             ... on level 4 of the Dungeon.
             The game lasted 00:08:21 (3050 turns).

MTVSty1e the Magician (Bultungin Transmuter)        Turns: 3050, Time: 00:08:22

Health: -1/43      AC:  2    Str: 10    XL:     5   Next: 92%
Magic:  4/12       EV: 22    Int: 14    God:
Gold:   152        SH:  0    Dex: 19    Spells: 10/14 levels left

rFire    + . .     SeeInvis +     - Unarmed
rCold    + . .     Gourm    .   (shield currently unavailable)
rNeg     . . .     Faith    .   (armour currently unavailable)
rPois    .         Spirit   .   (helmet currently unavailable)
rElec    +         Reflect  .   (cloak currently unavailable)
rCorr    +         Harm     .   (gloves currently unavailable)
MR       .....                  (boots currently unavailable)
Stlth    ++........             (no amulet)
Regen    0.2/turn               (no ring)
MPRegen  0.2/turn               (no ring)

@: spider-form (expiring), resistant, very slightly contaminated
A: short attention span, see invisible, strong nose
a: End Transformation


You were on level 4 of the Dungeon.
You were hungry.
You were a venomous arachnid creature.
You visited 1 branch of the dungeon, and saw 4 of its levels.

You collected 152 gold pieces.

Inventory:

Hand Weapons
 n - a +3 dagger of draining (melded)
Missiles
 a - 50 arrows
Armour
 b - a +0 robe (melded)
 p - a +0 helmet
 q - a +1 helmet (melded)
Wands
 j - a wand of random effects (31/48)
Scrolls
 e - a scroll of enchant weapon
 h - 4 scrolls of teleportation
 m - 3 scrolls of identify
Books
 c - a book of Changes

   Spells                             Type                      Level
   a - Beastly Appendage              Transmutation                1
   b - Sticks to Snakes               Transmutation                2
   c - Spider Form                    Transmutation/Poison         3
   d - Ice Form                       Ice/Transmutation            4
   e - Blade Hands                    Transmutation                5
Comestibles
 d - a bread ration


   Skills:
 * Level 4.8 Fighting
 + Level 2.3 Short Blades
 + Level 3.7 Dodging
 - Level 4.7 Unarmed Combat
 + Level 5.1 Spellcasting
 + Level 4.4 Transmutations


You had 10 spell levels left.
You knew the following spells:

 Your Spells              Type           Power        Failure   Level  Hunger
a - Beastly Appendage     Tmut           ###...       10%         1    None
b - Spider Form           Tmut/Pois      #.........   41%         3    ###....


Dungeon Overview and Level Annotations

Branches:
Dungeon (4/15)
 Temple: D:4-7

Altars:
Ru
Vehumet

Annotations:
D:4 Dowan, Duvessa


Innate Abilities, Weirdness & Mutations

You have a short attention span.
((You have very sharp teeth.))
You have supernaturally acute eyesight. (SInv)
Your uncanny sense of smell can sniff out nearby items.


Message History

Duvessa gestures with her weapon.
Duvessa completely misses you.
You hit Duvessa.
Duvessa looks as sick as possible!
Duvessa is moderately wounded.
Duvessa hits you with a short sword of electrocution.
You hit Duvessa.
Duvessa looks as sick as possible!
Duvessa is severely wounded.
Dowan casts a spell at you. The puff of flame hits you!
* * * LOW HITPOINT WARNING * * *
Duvessa hits you with a short sword of electrocution!
* * * LOW HITPOINT WARNING * * *
You feel better. The frilled lizard barely misses you.
Duvessa hits you with a short sword of electrocution!
* * * LOW HITPOINT WARNING * * *
It was a potion of resistance.
You feel protected.
Your transformation is almost over.
Dowan casts a spell at you. The puff of frost hits you! You resist.
You die...

....######..#
∆..[.........#
..........<.#
..###..##.##
#+#####..####
#####+
#........#∆
#.....##........#
......l#...##...#
......ese..##...#
########...#....#
#...#....# ∆
#...#....+
#...##+### #...#
+.... #..)..


You could see Duvessa, Dowan and a frilled lizard.

Vanquished Creatures
  An orc wizard (D:2)
  Robin (D:2)
  4 adders
  3 gnolls (D:3)
  An ooze (D:2)
  A worm (D:2)
  2 dart slugs
  A leopard gecko (D:3)
  5 orcs (D:3)
  A giant cockroach (D:3)
  21 goblins
  11 hobgoblins
  11 jackals
  A quokka (D:3)
  A ball python (D:3)
  8 bats
  7 frilled lizards
  4 kobolds
  8 rats
92 creatures vanquished.

Notes
Turn   | Place    | Note
-------+----------+-------------------------------------------
     0 | D:1      | MTVSty1e the Bultungin Transmuter began the quest for the Orb.
     0 | D:1      | Reached XP level 1. HP: 15/15 MP: 4/4
    96 | D:1      | Reached XP level 2. HP: 20/22 MP: 6/6
   735 | D:1      | Reached XP level 3. HP: 23/28 MP: 6/8
   743 | D:1      | Learned a level 3 spell: Spider Form
  1212 | D:2      | Reached skill level 1 in Short Blades
  1212 | D:2      | Reached XP level 4. HP: 16/35 MP: 5/9
  1214 | D:2      | Reached skill level 4 in Spellcasting
  1504 | D:2      | Noticed Robin
  1539 | D:2      | Found a sacrificial altar of Ru.
  1613 | D:2      | Killed Robin
  1613 | D:2      | Reached XP level 5. HP: 39/42 MP: 4/11
  2438 | D:3      | Reached skill level 5 in Spellcasting
  2709 | D:3      | Found a radiant altar of Vehumet.
  3036 | D:4      | Noticed Duvessa
  3036 | D:4      | Noticed Dowan
  3048 | D:4      | HP: 1/43 [Duvessa/short sword of electrocution (8)]
  3050 | D:4      | Killed from afar by Dowan

Vault maps used:
D:1:      minmay_arrival_solitary_statue, minmay_cupped
D:2:      nicolae_ru_great_annihilating_truth, uniq_robin
D:3:      vehumet_crystals
D:4:      kennysheep_mini_moat, first_bread, hangedman_abyss_or_decor_stagger,
          uniq_duvessa

Skill      XL: |  1  2  3  4  5 |
---------------+----------------+-----
Fighting       | 2 3 4 |  4.8
Short Blades   | 1 2 |  2.3
Spellcasting   | 4 5 |  5.1
Transmutations | 4 |  4.4
Dodging        | |  3.7
Unarmed Combat | |  4.7

Action                   |  1- 3 |  4- 6 || total
-------------------------+-------+-------++-------
Melee: Unarmed           |    61 |    24 ||    85
       Kick              |    13 |       ||    13
       Bite              |     9 |     9 ||    18
       Headbutt          |     1 |       ||     1
       Dagger            |    42 |   135 ||   177
       Punch             |     1 |     3 ||     4
 Cast: Beastly Appendage |     3 |       ||     3
       Spider Form       |     1 |     3 ||     4
  Use: Scroll            |       |     7 ||     7
       Potion            |       |     2 ||     2
 Stab: Sleeping          |     4 |       ||     4
       Invisible         |       |     1 ||     1
  Eat: Royal jelly       |     1 |       ||     1
       Meat ration       |       |     1 ||     1
Armor: Robe              |    12 |    14 ||    26
       Skin              |       |     3 ||     3
Dodge: Dodged            |    70 |   107 ||   177
